 Dungeon Crawl Stone Soup version 0.30-a0-737-gf23d94013f (webtiles) character file.

Game seed: 5951549572897726387

338 testman the Magician (level 6, -5/46 HPs)
             Began as a Djinni Ice Elementalist on Feb 2, 2023.
             Was a Priest of Fedhas.
             Slain by Pikel
             ... wielding a +0 whip of flaming
              (7 damage)
             ... on level 5 of the Dungeon.
             The game lasted 00:09:08 (3144 turns).

testman the Magician (Djinni Ice Elementalist)      Turns: 3144, Time: 00:09:09

Health: -5/46      AC:  4    Str:  7    XL:     6   Next: 85%
Gold:   254        EV: 11    Int: 19    God:    Fedhas [***...] SH:  0 Dex: 13

rFire   + + .      SeeInvis .    n - +0 dagger
rCold   + . .      Faith    .    (no shield)
rNeg    . . .      Spirit   .    w - +1 leather armour "Dihim" {Harm rC++ rCorr MP-9}
rPois   ∞          Reflect  .    (no helmet)
rElec   .          Harm     +    (no cloak)
rCorr   +          Rampage  .    (no gloves)
Will    .....                    (boots unavailable)
Stlth   ++                       (no amulet)
HPRegen 0.27/turn                (no ring)
MPRegen 0.00/turn                (no ring)

@: flying
A: sickness immunity, fire resistance 2, cold vulnerability 1, float, innate
caster, HP casting, extra vitality 1, mutation resistance 1, inability to read
after injury 1
a: Renounce Religion, Wall of Briars, Grow Ballistomycete


You were on level 5 of the Dungeon.
You worshipped Fedhas.
Fedhas was most pleased with you.
You visited 1 branch of the dungeon, and saw 5 of its levels.

You collected 254 gold pieces.

Inventory:

Hand Weapons
 e - a +0 sling
 n - a +0 dagger (weapon)
 o - a +0 rapier
Missiles
 g - 3 javelins
 r - 9 poisoned darts
Armour
 a - a +0 robe
 w - the +1 leather armour "Dihim" (worn) {Harm rC++ rCorr MP-9}
   (You found it on level 3 of the Dungeon)

   rC:        It greatly protects you from cold.
   MP:        It affects your magic capacity (-9).
   rCorr:     It protects you from acid and corrosion.
   Harm:      It increases damage dealt and taken.
 y - +0 fire dragon scales
Scrolls
 d - 4 scrolls of noise {unknown}
 f - 2 scrolls of teleportation
 h - 5 scrolls of identify {unknown}
 i - 2 scrolls of immolation {unknown}
 l - 2 scrolls of enchant weapon {unknown}
 m - a scroll of fear {unknown}
 s - a scroll of fog {unknown}
 u - a scroll of amnesia {unknown}
Potions
 b - a potion of magic
 v - a potion of invisibility
 A - a potion of attraction {unknown}
 B - a potion of berserk rage {unknown}


   Skills:
 + Level 3.4 Fighting
 - Level 2.1 Dodging
 - Level 1.5 Stealth
 + Level 4.3 Spellcasting
 + Level 3.4 Invocations


You couldn't memorise any spells.
You knew the following spells:

 Your Spells              Type           Power      Damage    Failure   Level
a - Freeze                Ice            80%        1d9       3%          1
b - Frozen Ramparts       Ice            40%        1d7       10%         3
c - Ozocubu's Armour      Ice            20%        N/A       10%         3
d - Summon Ice Beast      Ice/Summ       20%        N/A       32%         4
e - Summon Small Mammal   Summ           80%        N/A       3%          1
f - Lesser Beckoning      Tloc           40%        N/A       4%          2
Your spell library was empty.

Dungeon Overview and Level Annotations

Branches:
Dungeon (5/15)             Temple (0/1) D:4

Altars:
Fedhas
Uskayaw

Shops:
D:4 [

Annotations:
D:5 Pikel


Innate Abilities, Weirdness & Mutations

You are immune to sickness and miasma.
You are immune to poison.
Your flesh is very heat resistant. (rF++)
You are vulnerable to cold. (rC-)
You float through the air rather than walking.
You learn spells naturally, not from books.
Your magical power is your life essence.
You have superior vitality. (+4 MHP)
You are somewhat resistant to further mutation.
You occasionally lose the ability to read scrolls when taking damage.


Message History

Your bat closely misses the lemure.
Pikel hits you but does no damage.
Your quokka closely misses Pikel.
Your bat barely misses the lemure.
You miss Pikel.
Pikel is lightly wounded.
Your bat barely misses the lemure.
Pikel hits you but does no damage. The lemure barely misses you.
Your quokka closely misses Pikel.
Your bat closely misses the lemure.
You closely miss Pikel.
Pikel is lightly wounded.
Your bat completely misses the lemure.
Your bat hits the lemure but does no damage.
Your quokka barely misses Pikel.
You hit Pikel.
Pikel is lightly wounded.
Your bat hits the lemure but does no damage.
Pikel barely misses you.
Your bat misses the lemure. You hit Pikel but do no damage.
Pikel is lightly wounded.
Your bat hits the lemure but does no damage.
Your quokka barely misses Pikel.
The lemure completely misses you.
Pikel says, "Hell isn't that bad."
Pikel hits you but does no damage.
Your bat barely misses the lemure.
It was a potion of mutation.
You feel extremely strange.
You occasionally lose the ability to read scrolls when taking damage.
You feel genetically stable.
Your bat hits the lemure but does no damage.
Your quokka bites Pikel but does no damage.
It was a potion of cancellation.
Your magical effects are unravelling.
You feel magically purged.
Your icy armour evaporates.
You feel less wooden.
The +1 leather armour "Dihim" {Harm rC++ rCorr MP-9} unmelds from your body.
You feel yourself slow down.
You flicker back into view.
You feel a little less clever now.
Your resistance to elements expires.
Your bat hits the lemure but does no damage. x2
The lemure hits you.
* * * LOW HITPOINT WARNING * * *
Pikel hits you with a +0 whip of flaming.
You die...
Fedhas appreciates your contribution to the ecosystem.

*,,,,,*,,,,,*,,*,,,,+...##.....
*,,,,,*,,,,,*,,*....#...##.....
*,,,,,*+*#######....#..........
*****,,,,,.........,#..........
*,,*,,,,,,.......,,#...###.###
*,,*,,,,,,,.....,,,#...#...#..
*,,*,,,,,,,,.5.,,,,#...#...#(.
*,,**,,,,,,##K######...'...#(.
*,,,*,,,,,,#5@r........#...###
*,,,*,,,,,,+.b.........#......
*,,,*,,,,,,#..##..##...#......
*,,,*,,,,,,#..##..##...#......
*,,,*,,,,,,#####.......#......
*,,,*,,,,,,,,,,#.......#......
*,,,*,,,,,,,,,,#####...#......
*,,,*,,,,,,,,,,,,,,#...#,,,,,,
*,,,*,,,,,,,,,,,,,,*,..*,,,,,,


You could see Pikel (ally target), 2 lemures, a friendly quokka (summoned) and a
friendly bat (summoned).

Vanquished Creatures
  A lemure (D:5)
  A scorpion (D:4)
  A hound (D:5)
  An orc priest (D:3)
  3 orc wizards
  7 adders
  2 worms (D:4)
  5 dart slugs
  7 orcs
  3 bats
  4 endoplasms
  2 giant cockroaches (D:4)
  5 goblins
  6 hobgoblins
  3 jackals (D:3)
  3 kobolds
  3 quokkas
  6 ball pythons
  A frilled lizard (D:2)
  5 rats
69 creatures vanquished.

Vanquished Creatures (collateral kills)
  A lemure (D:5)
1 creature vanquished.

Grand Total: 70 creatures vanquished

Notes
Turn   | Place    | Note
-------+----------+-------------------------------------------
     0 | D:1      | testman the Djinni Ice Elementalist began the quest for the
                  | Orb.
     0 | D:1      | testman set off with the following spells memorised:
                  | Freeze, Frozen Ramparts, Ozocubu's Armour, Summon Ice
                  | Beast.
     0 | D:1      | Reached XP level 1. HP: 15/15 MP: 0/0
    46 | D:1      | Found a faded altar of an unknown god.
    53 | D:1      | Prayed at the altar of an unknown god.
    53 | D:1      | Became a worshipper of Fedhas Madash
    53 | D:1      | Reached * piety under Fedhas
   111 | D:1      | Reached XP level 2. HP: 22/22 MP: 0/0
   212 | D:1      | Reached skill level 1 in Fighting
   306 | D:1      | Reached skill level 1 in Invocations
   492 | D:2      | Reached XP level 3. HP: 20/27 MP: 0/0
   492 | D:2      | Learned a level 1 spell: Summon Small Mammal
   581 | D:2      | Reached ** piety under Fedhas
   844 | D:2      | Reached XP level 4. HP: 33/33 MP: 0/0
  1832 | D:3      | Reached XP level 5. HP: 33/39 MP: 0/0
  1832 | D:3      | Learned a level 2 spell: Lesser Beckoning
  1906 | D:3      | Identified the +1 leather armour "Dihim" {Harm rC++ rCorr
                  | MP-9}
  2319 | D:4      | Reached skill level 4 in Spellcasting
  2334 | D:4      | Reached XP level 6. HP: 13/45 MP: 0/0
  2781 | D:4      | Found Zareudol's Armour Boutique.
  2893 | D:4      | Reached *** piety under Fedhas
  2914 | D:4      | Found a staircase to the Ecumenical Temple.
  3072 | D:5      | Entered Level 5 of the Dungeon
  3075 | D:5      | Noticed a +0 hand axe
  3075 | D:5      | Noticed a +0 hand axe
  3093 | D:5      | Found a hide-covered altar of Uskayaw.
  3124 | D:5      | Noticed Pikel
  3143 | D:5      | Gained mutation: You occasionally lose the ability to read
                  | scrolls when taking damage. [potion of mutation]
  3143 | D:5      | Gained mutation: You are somewhat resistant to further
                  | mutation. [potion of mutation]
  3144 | D:5      | HP: 2/46 [lemure[Pikel] (4)]
  3144 | D:5      | Slain by Pikel

Illustrated notes

Levels and vault maps discovered:
D:1:      ebering_trefoil_twist, layout_basic, shapermc_ecumenical_altar_venn
D:2:      layout_basic
D:3:      layout_loops_corners
D:4:      layout_loops_cross, temple_doors_ab, serial_shops,
          nicolae_stop_n_shop_1, amcnicky_mini_rare_corridor_liquid,
          kennysheep_generic_room_12
D:5:      layout_gridville, gammafunk_temple_overflow_elements,
          okawaru_gym_becter, dancing_weapons_uskayaw, nicolae_alphabet_shops,
          uniq_menkaure, uniq_pikel, uniq_ijyb

Skill      XL: |  1  2  3  4  5  6 |
---------------+-------------------+-----
Fighting       | 1 2 3 |  3.4
Invocations    | 1 2 3 |  3.4
Spellcasting   | 4 |  4.3
Dodging        | |  2.1
Stealth        | |  1.5

Action                     |  1- 3 |  4- 6 || total
---------------------------+-------+-------++-------
  Melee: Dagger            |       |    35 ||    35
         Punch             |       |     1 ||     1
   Fire: Sling             |    68 |    90 ||   158
   Cast: Freeze            |    10 |    11 ||    21
         Frozen Ramparts   |     1 |    12 ||    13
         Ozocubu's Armour  |       |     5 ||     5
         Summon Small Mamm |       |     3 ||     3
    Use: Potion            |       |     8 ||     8
         Scroll            |       |     2 ||     2
 Armour: Robe              |     4 |     5 ||     9
         Leather armour    |       |    18 ||    18
         Skin              |       |    12 ||    12
  Dodge: Dodged            |    16 |    35 ||    51

Table legend: (Time is in decaauts)
 A = Elapsed time spent in this place.
 B = Non-inter-level travel time spent in this place.
 C = Inter-level travel time spent in this place.
 D = Time resting spent in this place.
 E = Time spent auto-exploring this place.
 F = Levels seen in this place.
 G = Mean time per level.
                   A        B        C        D        E       F      G
               +--------+--------+--------+--------+--------+-----+--------+
         Total |   3201 |   3023 |    178 |      0 |   2536 |   5 |  640.2 |
       Dungeon |   3201 |   3023 |    178 |      0 |   2536 |   5 |  640.2 |
               +--------+--------+--------+--------+--------+-----+--------+

Top non-repeatable levels by time:
     D:3: 1063 daAuts
     D:4: 929 daAuts
     D:2: 671 daAuts
     D:1: 467 daAuts
     D:5: 69 daAuts
